[Event "25th Nepal Championship 2025"]
[Site "Hetauda"]
[Date "2025.01.27"]
[Round "3.4"]
[White "Tandukar, Nabin"]
[Black "Maharjan, Prem Krishna"]
[Result "0-1"]
[Annotator "TA"]
[ECO "A27"]
[WhiteElo "1920"]
[BlackElo "1882"]
[PlyCount "107"]
[EventDate "2025.01.24"]
[EventType "tourn"]
[EventCountry "NEP"]
[SourceTitle "playchess.com"]
[Source "ChessBase"]
[SourceQuality "1"]
[TimeControl "5400+30"]

1. c4 e5 2. Nc3 Nc6 3. Nf3 Bc5 4. g3 d6 5. Bg2 a6 6. e3 {[%emt 0:00:15] A27: English Opening: Three Knights Variation.} Bg4 7. h3 Bh5 8. O-O {[%emt 0:00:25] White has an edge.} (8. g4 $5 Bg6 $8 9. d4 $11) 8... f5 $146 (8... Nge7 $14) (8... Ba7 9. b4 Nf6 10. b5 axb5 11. cxb5 Ne7 12. Qb3 O-O 13. d4 Bxf3 14. Bxf3 exd4 15. exd4 {0-1 Zwardon,V (2408)-Fedorchuk,S (2648) EU-ch rapid Katowice 2017 (7)}) 9. d3 (9. d4 $16) 9... Nf6 $11 10. Qc2 O-O 11. a3 {[%emt 0:00:47] Against Nb4} Qd7 12. b4 Ba7 13. Rb1 Kh8 14. Nh2 Rae8 15. b5 axb5 16. Rxb5 Nd8 17. Qa4 (17. Bd2 $11) 17... c6 18. Rb2 Bc5 19. Rd2 (19. Qb3 $15) 19... Ne6 $1 $17 20. Qb3 f4 21. gxf4 (21. Rb2 $142) 21... exf4 $19 22. d4 Ba7 23. Rb2 Re7 24. Qa4 {[%emt 0:02:39] [#]} f3 $2 25. Nxf3 ({Only move:} 25. Bxf3 $15 Bxf3 26. Nxf3) 25... Bxf3 26. Bxf3 Ng5 $1 27. Bg2 (27. Qd1 $17) 27... Bb8 $2 (27... Nxh3+ $19 28. Kh1 Qg4) 28. f4 (28. Kh2 $1 $14) 28... Nge4 (28... Nxh3+ $15 {keeps the upper hand.} 29. Kh2 Ng4+ 30. Kg3 Nxe3 31. Bxh3 Nxf1+ 32. Bxf1 g5) 29. Nxe4 $16 Nxe4 30. Qd1 d5 ({Black should play} 30... Ng3 $14) 31. cxd5 (31. Qg4 $16) 31... Qxd5 32. Qb3 Qf5 33. Qd1 (33. Qc2 $14) 33... h5 $2 {[%emt 0:01:59] [#]} (33... Qd5 $11 {and Black has nothing to worry.}) 34. Rc2 ({White should play} 34. Bxe4 $1 $18 Rxe4 35. Rg2) 34... Bd6 35. a4 Rf6 36. Bxe4 Rxe4 37. Rh2 (37. Rg2 $14) 37... c5 38. d5 Kh7 $40 {[%emt 0:01:12][%mdl 128] Black has some attack.} 39. Kh1 Rg6 40. Rg1 {[%emt 0:00:44] Repels Rg3} Rxg1+ 41. Kxg1 Rb4 42. Bb2 Re4 43. Rg2 g6 (43... Qxh3 $11 44. Qd3 (44. Bxg7 $2 Qxe3+ 45. Rf2 Qg3+ 46. Kf1 Qh3+ 47. Kg1 Kxg7 $19) (44. Rxg7+ Kh6 $11) 44... Qxe3+ 45. Qxe3 Rxe3) 44. Qb3 $2 (44. Qb1 $16 {Rg5 would now be deadly.} Rxe3 45. Qxf5 gxf5 46. Rg7+ Kh6 47. Rxb7) 44... Qxh3 $17 {[%emt 0:01:30] Black attacks} 45. Qxb7+ $2 (45. Be5 $17 Bxe5 (45... Rxe3 46. Qxb7+) 46. fxe5) 45... Re7 $19 46. Qa8 Qxe3+ 47. Rf2 Qe1+ $2 (47... Bxf4 48. Qh8#) (47... Qg3+ {mates} 48. Kf1 Qh3+ (48... Bxf4 49. Qh8#) 49. Rg2 Qh1+ (49... Bxf4 50. Qh8#) (49... Qf3+ 50. Kg1 Re1+ 51. Kh2 Bxf4+ 52. Rg3 Qxg3#) 50. Kf2 Qe1+ 51. Kf3 Re3#) 48. Kg2 $11 Qe4+ 49. Rf3 $2 (49. Kg1 $11 Qb1+ (49... Bxf4 50. Qh8#) (49... Re8 50. Qb7+ Re7 51. Qa8 $11) 50. Kg2 Qe4+ 51. Kg1) 49... Qe2+ (49... Bxf4 50. Qh8#) 50. Rf2 Qg4+ 51. Kf1 Qh3+ ({Inferior is} 51... Bxf4 52. Qh8#) 52. Rg2 Qf3+ 53. Rf2 Qg4 $4 (53... Qh1# {and life is good for Black.}) 54. Rf3 $4 {[%mdl 8192] Weighted Error Value: White=0.65/Black=0.57  Loses game:     	White=3     	Black=1      Missed win:     	---       	Black=2      Mistake:       	White=11    	Black=4      Inaccurate:     	White=3     	Black=3      OK:         	White=11    	Black=12     Best:        	---       	Black=4      Strong:       	---       	Black=1} 0-1

[Event "25th Nepal Championship 2025"]
[Site "Hetauda"]
[Date "2025.01.27"]
[Round "3.5"]
[White "Rajbhandari, Rijendra"]
[Black "Dahal, Sushrut"]
[Result "0-1"]
[Annotator "TA"]
[ECO "B80"]
[WhiteElo "2016"]
[BlackElo "2021"]
[PlyCount "94"]
[EventDate "2025.01.24"]
[EventType "tourn"]
[EventCountry "NEP"]
[SourceTitle "playchess.com"]
[Source "ChessBase"]
[SourceQuality "1"]
[TimeControl "5400+30"]

1. e4 c5 2. Nf3 d6 3. d4 cxd4 4. Nxd4 e6 5. Nc3 Nf6 6. Be3 Be7 7. f3 a6 8. Qd2 Qc7 9. g4 Nc6 10. O-O-O Ne5 11. Kb1 {[%emt 0:03:25] B80: Sicilian Scheveningen: 6 g3 and 6 Be3, including English Attack.} (11. g5 Nh5 12. b3) 11... Nc4 12. Bxc4 Qxc4 13. g5 {[%emt 0:09:54] White is better.} Nd7 14. f4 Rb8 $146 (14... b5 $16) (14... b5 15. Rhe1 b4 16. Na4 Rb8 17. f5 Ne5 18. f6 gxf6 19. gxf6 Bd8 20. Bf4 Qc7 21. Bxe5 dxe5 22. Nc6 Bxf6 23. Nxb8 Qxb8 24. Nc5 Be7 25. Nd3 a5 26. Qh6 {1-0 Svidler,P (2635)-Maksimenko,A (2550) YUG-chT Tivat 1995 (5)}) 15. h4 ({White should try} 15. f5 $18 Ne5 16. Rhg1) 15... b5 $16 16. h5 (16. f5 $142 b4 17. Na4) 16... Nb6 $2 (16... Bb7 $16) 17. b3 $18 Qc7 18. f5 b4 19. Nce2 e5 {[%emt 0:11:28] [#]} 20. Nf3 (20. g6 $1 $18) 20... Bb7 21. Ng3 (21. Qxb4 Nc4 22. Ba7 (22. Qxc4 Qxc4 23. bxc4 Bxe4+ 24. Ka1 Bxf3 $17) (22. bxc4 $2 Bxe4 $19) 22... Ra8) 21... Nd7 22. g6 {[%emt 0:11:17] Threatens to win with h6.} (22. Qxb4 d5 23. Qe1 d4 $14) 22... h6 {[%emt 0:04:56] White has space advantage and is better} 23. gxf7+ (23. Qxb4 a5 24. gxf7+ Kxf7 $15) 23... Kxf7 {[%emt 0:00:02] [#]} 24. Nh4 (24. Qxb4 Nf6 25. Bb6 Qc6 $19) (24. f6 $1 $16 Nxf6 25. Qg2) 24... Nf6 $11 25. Ng6 (25. Qxb4 $2 Bxe4 26. Qd2 Bxh1 27. Rxh1 Rhc8 $19) 25... Nxe4 26. Nxh8+ (26. Nxe4 $5 Bxe4 27. Rh2 $17 (27. Nxh8+ Rxh8 28. Rh2 d5 $17)) 26... Rxh8 27. Nxe4 (27. Qxb4 $2 Nxg3 28. Bb6 Qc6 $19) 27... Bxe4 28. Rh2 d5 {[%emt 0:01:09][%cal Oh8c8][%mdl 1024] Black has strong compensation.} 29. Qe2 (29. Rg1 $15) 29... Qc6 (29... Rc8 $17 30. Rg1 Qc3 (30... Bxf5 $2 31. Rf2 $18)) 30. Qg4 ({Only move:} 30. Rg1 $1 $15) 30... Rc8 31. Qg6+ Kf8 {[%emt 0:00:21] Dancing on a razor blade.} 32. Qxc6 Rxc6 33. Rg1 d4 $36 {[%emt 0:00:55][%mdl 2048] Black is really pushing.} (33... Bxf5 34. Rf2 Rf6 35. Bxh6 gxh6 36. Rgf1 $17) 34. Bc1 Bf6 {[%emt 0:01:44][%cal Of8f7] Black is more active.} (34... Bxf5 35. Rf2 Rf6 36. Bxh6 Bxc2+ (36... gxh6 37. Rgf1 $17) 37. Rxc2 $15) 35. Re1 Bf3 (35... Bxf5 $19 36. Rf2 Bh7) 36. Bd2 (36. Rf1 $17 e4 37. Bd2) 36... a5 $19 37. a3 Rb6 (37... bxa3 $19 38. Bxa5 e4 39. Bb4+ Kg8 (39... Be7 40. Bxe7+ Kxe7 41. Rg1 $17) 40. Bxa3 Be5 (40... e3 $2 41. Rf1 $19)) 38. axb4 axb4 39. Rg1 (39. Rf1 $17 Bg4 40. Kb2) 39... Kf7 (39... Rb5 $19 {Threatens to win with ...e4.} 40. Be1 e4) 40. Be1 e4 41. Bh4 Be5 (41... Bxh5 42. Bxf6 Rxf6 43. Rxh5 $18) 42. Bg3 Bf6 {[%emt 0:01:04] A strong pair of Bishops.} 43. Bh4 $1 e3 (43... Bxh5 44. Bxf6 Rxf6 45. Rxh5 $18) (43... Rb5 $19 44. Bxf6 gxf6 (44... Kxf6 $2 45. Rg6+ Kxf5 46. Rxg7 $19)) 44. Bxf6 $17 Rxf6 (44... gxf6 $6 45. Rh3 Be2 46. Kb2 $11) 45. Rh4 Rd6 46. Kc1 (46. Rh3 $17 {keeps fighting.} Be4 47. Rhg3 Bxf5 48. Rxg7+ Ke6 49. Kc1) 46... d3 ({Black should try} 46... Rd5 $19 47. Rf4 Bxh5) 47. cxd3 Rxd3 {[%emt 0:00:00] Never resign too early!   Weighted Error Value: White=0.31/Black=0.39  Loses game:     	---       	Black=1      Mistake:       	White=9     	Black=7      Inaccurate:     	White=3     	Black=2      OK:         	White=10    	Black=11     Best:        	White=4     	Black=3      Strong:       	White=1     	---} 0-1

[Event "25th Nepal Championship 2025"]
[Site "Hetauda"]
[Date "2025.01.27"]
[Round "3.6"]
[White "Phuyal, Aashish"]
[Black "Thapa, Binay"]
[Result "1-0"]
[Annotator "TA"]
[ECO "B12"]
[WhiteElo "1981"]
[BlackElo "1688"]
[PlyCount "107"]
[EventDate "2025.01.24"]
[EventType "tourn"]
[EventCountry "NEP"]
[SourceTitle "playchess.com"]
[Source "ChessBase"]
[SourceQuality "1"]
[TimeControl "5400+30"]

1. e4 c6 2. d4 d5 3. e5 Bf5 4. Nf3 e6 5. Be2 Bb4+ 6. c3 {[%emt 0:00:30] B12: Caro-Kann: Advance Variation.} Ba5 7. O-O Ne7 8. Nbd2 {[%emt 0:00:30] White is better.} Nd7 9. a4 Bc7 10. Nb3 $146 (10. Nh4 O-O 11. g4 Bg6 12. f4 f6 13. f5 Bf7 14. exf6 Nxf6 15. g5 Qd6 16. Rf2 {0-1 Shmallko,G-Rumiantsev,D (2254) Moscow-ch 1999 (7)}) 10... h6 11. Be3 O-O 12. Qd2 Bg6 (12... f6 $11) 13. Nc5 (13. Nh4 $14) 13... Nxc5 $15 14. dxc5 Nf5 (14... Be4 $15) 15. Bf4 b6 16. cxb6 axb6 17. g4 Ne7 18. Bg3 c5 19. Bd3 Qd7 (19... Be4 $17 20. Qe3 Bxd3 21. Qxd3 c4) 20. Bb5 $11 Qc8 21. b4 (21. Nh4 $11) 21... c4 (21... Bd8 $15) 22. Nd4 $14 Bd3 23. Rfe1 Qb8 24. Re3 Nc8 (24... Qc8 $142) 25. Rae1 (25. Rxd3 $142 cxd3 26. Bxd3) 25... Na7 $16 26. Ba6 Qe8 27. Qd1 Rb8 (27... Qd7 $14) 28. Kg2 (28. Rxd3 $16 cxd3 29. Bxd3) 28... Bd8 29. h4 Qd7 (29... b5 $14) 30. Rh1 g6 (30... Be4+ $16 31. Rxe4 dxe4) 31. h5 (31. Rxd3 $18 {is more deadly.} cxd3 32. h5 (32. Qxd3 Be7 $16) (32. Bxd3 Rc8 $18)) 31... g5 32. Rhe1 (32. f4 $16) 32... Be7 ({Black should play} 32... b5 $1 $14) 33. Rxd3 cxd3 34. Bxd3 (34. f4 $18) 34... Rfc8 {[%emt 0:00:30] Black is weak on the light squares} 35. Qd2 {[%emt 0:00:30][%mdl 1024] White has strong compensation.} Qd8 (35... Qxa4 36. Bc2 Qa6 37. b5 $18) 36. Bb1 {[%emt 0:00:30] White has space advantage and is better White has more active pieces.} Qf8 (36... Kh8 $1 $14) 37. Qd3 Qg7 {[%emt 0:00:30] [#] Inhibits Qh7+.} 38. Re3 (38. Nf5 $1 $16 exf5 39. gxf5) 38... Rc7 {[%emt 0:00:30] [#]} (38... Kh8 $14 {might be stronger.}) 39. Nf5 $1 exf5 40. gxf5 {[%emt 0:00:30][%cal Of5f6] and f6! should not be overlooked} f6 41. exf6 {[%emt 0:00:30][%csl Of6] White has a strong passed pawn} Bxf6 42. Qxd5+ (42. Bxc7 Qxc7 43. Qxd5+ Kg7 $11 (43... Kh8 44. Re6 $14)) 42... Kh8 43. Re6 {[%emt 0:00:30][%csl Oe6] Strong Square White (e6)} ({Better is} 43. Bxc7 $14 Qxc7 44. Re6 Qxc3 45. Qd7) 43... Rd7 44. Qe4 $36 {[%emt 0:00:30][%mdl 2048] White has the initiative.} Rf8 45. c4 Re7 $2 (45... Nc8 $11 {and Black is okay.}) 46. c5 $18 bxc5 47. bxc5 (47. b5 $16) 47... Rxe6 48. fxe6 Re8 49. a5 Rc8 (49... Qg8 $14) 50. Bd6 $16 Nc6 $2 (50... Re8 $16 {might work better.} 51. a6 g4) 51. a6 $18 Be7 $2 {[%emt 0:00:30] [#]} (51... g4 52. Bc2 Bd4) 52. a7 $1 {[%emt 0:00:30][%cal Oe4c6][%mdl 512] Intending Qxc6! and mate.} Nxa7 {[%emt 0:00:30] [#]} (52... Rf8 53. Qxc6) 53. Be5 $1 {[%emt 0:00:30][%csl Gb1][%cal Re4h7] This pair of bishops is nice.} Bf6 54. Bxf6 {[%emt 0:00:30] Weighted Error Value: White=0.28 (precise) /Black=0.53  Loses game:     	---       	Black=2      Mistake:       	White=10    	Black=13     Inaccurate:     	White=7     	Black=9      OK:         	White=11    	Black=9      Best:        	White=5     	Black=5      Brilliant:      	White=1     	---} 1-0

[Event "25th Nepal Championship 2025"]
[Site "Hetauda"]
[Date "2025.01.27"]
[Round "4.1"]
[White "Silwal, Purushottam"]
[Black "Thapa, Binay"]
[Result "1-0"]
[Annotator "NA RC"]
[ECO "D42"]
[WhiteElo "2045"]
[BlackElo "1688"]
[PlyCount "91"]
[EventDate "2025.01.24"]
[EventType "tourn"]
[EventCountry "NEP"]
[SourceTitle "playchess.com"]
[Source "ChessBase"]
[SourceQuality "1"]
[TimeControl "5400+30"]

1. e4 c6 2. d4 d5 3. exd5 cxd5 4. c4 Nf6 5. Nc3 e6 6. Nf3 Be7 7. cxd5 Nxd5 8. Bd3 Nc6 9. O-O Nxc3 10. bxc3 Bf6 11. Re1 O-O 12. Bc2 Ne7 13. Ba3 Re8 14. Ne5 Bxe5 15. dxe5 Qa5 16. Bb4 Qc7 17. Qd3 g6 18. Ba4 Nc6 19. Bd6 Qa5 20. Bb3 b5 21. h4 Bb7 22. a4 b4 23. c4 Rad8 24. Rad1 Rd7 25. c5 Qd8 26. Qg3 Ne7 27. h5 Nf5 28. Qf4 Qh4 29. Qxh4 Nxh4 30. f3 a5 31. Bc4 Bc6 32. Bb5 Rc8 33. Rc1 Nf5 34. Kf2 Nd4 35. hxg6 hxg6 36. Rc4 Nxb5 37. axb5 Bxb5 38. Rh4 Rdd8 39. Reh1 g5 40. Rh5 Bd3 41. Be7 f6 42. Bxd8 Rxc5 43. Bxf6 Rc2+ 44. Kg3 Rc4 45. Rxg5+ Kf7 46. Rg7+ 1-0

[Event "25th Nepal Championship 2025"]
[Site "Hetauda"]
[Date "2025.01.27"]
[Round "4.2"]
[White "Dahal, Sushrut"]
[Black "Phuyal, Aashish"]
[Result "1-0"]
[Annotator "TA"]
[ECO "D00"]
[WhiteElo "2021"]
[BlackElo "1981"]
[PlyCount "79"]
[EventDate "2025.01.24"]
[EventType "tourn"]
[EventCountry "NEP"]
[SourceTitle "playchess.com"]
[Source "ChessBase"]
[SourceQuality "1"]
[TimeControl "5400+30"]

1. d4 Nf6 2. Nc3 d5 3. Bf4 e6 4. Nb5 Na6 5. e3 Be7 6. Nf3 {[%emt 0:02:27] D00: 1 d4 d5: Unusual lines.} Ne4 7. Bd3 c6 {[%emt 0:10:23] Inhibits c4.} 8. Nc3 {[%emt 0:01:50] The position is equal. Active counter play!} Nxc3 9. bxc3 Nb8 $146 (9... c5 $11) (9... c5 10. Bxa6 bxa6 11. O-O Bd7 12. dxc5 Bxc5 13. c4 dxc4 14. Ne5 Ba4 15. Qg4 O-O {½-½ Goryachkina,A (2557)-Harika,D (2500) FIDE World Cup (Women) 2023 (5.6)}) 10. O-O $1 $14 Nd7 11. e4 dxe4 12. Bxe4 Nf6 13. Bd3 Bd6 14. Bg5 Qc7 15. c4 c5 16. c3 h6 17. Bh4 Bd7 (17... b6 $14) 18. Qe2 (18. Re1 $16) 18... O-O (18... Nh5 $11 {remains equal.}) 19. Ne5 $16 Be7 20. Bxf6 gxf6 $2 {[%emt 0:00:48][%mdl 8192] [#]} (20... Bxf6 $16 21. Qe4 g6) 21. Qg4+ $1 $18 Kh8 {[%emt 0:00:17] [#]} 22. Qh5 $2 Kg7 23. Ng6 Rfe8 (23... Bd6) 24. Nxe7 (24. f4 $142) 24... Rxe7 (24... f5 25. Rae1 (25. Qh4 Qd6 $16) 25... cxd4 26. cxd4 (26. Qh4 Qd6 $18) 26... Rxe7 27. Bxf5 Qxc4) 25. f4 $2 (25. Qxc5 Qxc5 26. dxc5 Rc8 $15) (25. Qg4+ $18 {has better winning chances.} Kf8 26. Qh4) 25... f5 26. Rf3 {[%emt 0:00:57] Rg3+ would kill now.} Rh8 $1 27. Rg3+ Kf8 28. Qh4 $1 Ke8 ({Better is} 28... Re8 $14) 29. Qf6 Rf8 30. Rf1 $36 {[%emt 0:03:21][%cal Ba1f1,Bf1e1,Be1e2][%mdl 2080] Black is under strong pressure.} Qd6 (30... cxd4 $16 31. cxd4 Bc6) 31. Bxf5 (31. Qxh6 cxd4 32. Qf6 dxc3 $11) 31... cxd4 32. cxd4 Qa6 33. Bd3 Bc6 $2 (33... Kd8 {might work better.} 34. Qxh6 Ree8 35. Qf6+ Kc8) 34. Re1 ({Not} 34. Qxh6 Qb6 $16) 34... Qa5 35. Re2 Kd7 36. f5 {[%emt 0:05:53] Threatens to win with fxe6+.} Rfe8 $2 (36... Ree8 37. fxe6+ (37. Qxh6 Kc8 $18) 37... fxe6 38. Qxh6 Kc8) 37. Rg7 Qc3 (37... e5 $142 38. Rxf7 Rxf7 39. Qxf7+ Kd8 40. Qf6+ Kc8 41. Rxe5 (41. dxe5 Qa3 $18) 41... Qd2 42. Rxe8+ Bxe8) 38. fxe6+ fxe6 39. Qxe6+ Kd8 40. Rxe7 {[%emt 0:00:00] Weighted Error Value: White=0.56/Black=1.10  Loses game:     	---       	Black=1      Missed win:     	White=1     	---        Mistake:       	White=2     	Black=10     Inaccurate:     	White=1     	Black=3      OK:         	White=6     	Black=3      Best:        	White=1     	Black=1      Strong:       	White=3     	Black=1} (40. Qd6+ $142 Bd7 41. Rexe7 (41. Rgxe7 Qc1+ 42. Re1 Qxe1+ 43. Rxe1 Rxe1+ 44. Kf2 Re6 $18) 41... Qxd4+ 42. Qxd4 Rxe7 43. Qh4 (43. Rg8+ Kc7 44. Qc5+ Bc6 45. Qxe7+ Kb6 46. Qb4+ Kc7 47. Rg7+ Bd7 48. Qb5 Kb8 49. Qxd7 h5 50. Qxb7#) 43... Kc7 44. Qxe7 Kb6 45. Qb4+ (45. Qxd7 Kc5 46. a3 a5 47. Rg6 h5 48. Qd6#) 45... Kc7 46. Qb5 (46. Qc5+ Kd8 47. Rg8+ Be8 48. Qd6+ Kc8 49. Rxe8#) 46... Kb8 47. Qxd7 h5 48. Qxb7#) 1-0

[Event "25th Nepal Championship 2025"]
[Site "Hetauda"]
[Date "2025.01.27"]
[Round "4.3"]
[White "Maharjan, Prem Krishna"]
[Black "Rajbhandari, Rijendra"]
[Result "0-1"]
[Annotator "NA RC"]
[ECO "B19"]
[WhiteElo "1882"]
[BlackElo "2016"]
[PlyCount "48"]
[EventDate "2025.01.24"]
[EventType "tourn"]
[EventCountry "NEP"]
[SourceTitle "playchess.com"]
[Source "ChessBase"]
[SourceQuality "1"]
[TimeControl "5400+30"]

1. e4 c6 2. d4 d5 3. Nc3 dxe4 4. Nxe4 Bf5 5. Ng3 Bg6 6. Nf3 Nd7 7. h4 h6 8. h5 Bh7 9. Bd3 Bxd3 10. Qxd3 e6 11. Bd2 Ngf6 12. c4 Be7 13. O-O-O O-O 14. Kb1 Qc7 15. Rh3 b5 16. cxb5 cxb5 17. Qxb5 a5 18. Rc1 Qa7 19. Ka1 Rfb8 20. Qc4 Qb7 21. Rc2 a4 22. a3 Bxa3 23. Bc1 Be7 24. Nd2 Rc8 0-1

[Event "25th Nepal Championship 2025"]
[Site "Hetauda"]
[Date "2025.01.27"]
[Round "4.4"]
[White "Maharjan, Suroj"]
[Black "Tandukar, Nabin"]
[Result "0-1"]
[Annotator "NA RC"]
[ECO "A36"]
[WhiteElo "1952"]
[BlackElo "1920"]
[PlyCount "124"]
[EventDate "2025.01.24"]
[EventType "tourn"]
[EventCountry "NEP"]
[SourceTitle "playchess.com"]
[Source "ChessBase"]
[SourceQuality "1"]
[TimeControl "5400+30"]

1. e4 e6 2. c4 c5 3. Nc3 Nc6 4. g3 g6 5. Bg2 Bg7 6. Nge2 a6 7. O-O d6 8. d3 Nf6 9. h3 O-O 10. Be3 Qc7 11. Qd2 Re8 12. Rad1 Rd8 13. Bg5 Rb8 14. Nf4 Re8 15. Nfe2 b5 16. Rc1 b4 17. Nd1 Qa5 18. b3 Bd7 19. Bf4 Qc7 20. Bh6 Bh8 21. Ne3 a5 22. g4 Bc8 23. f4 Nd4 24. Nxd4 cxd4 25. Nc2 Qc5 26. Qf2 Nd7 27. f5 Ne5 28. fxg6 hxg6 29. Qg3 Rb7 30. Bd2 g5 31. Rf2 Ng6 32. Rcf1 Be5 33. Qf3 Nf4 34. Bh1 f6 35. Rh2 Rh7 36. h4 Ree7 37. Bxf4 Bxf4 38. Rh3 e5 39. h5 Be6 40. Qd1 Ra7 41. Bf3 a4 42. Na1 axb3 43. Nxb3 Qc8 44. Qe2 Ra3 45. Rb1 Rha7 46. Rb2 Qa8 47. h6 Rxa2 48. h7+ Kh8 49. Rh6 Rxb2 50. Qxb2 Ra2 51. Qb1 Qa3 52. Rxf6 Rb2 53. Qf1 Qxb3 54. Bd1 Qa2 55. Qh3 Be3+ 56. Kh1 Rf2 57. Rxe6 Rf8 58. Rg6 Qf2 59. Rg8+ Rxg8 60. hxg8=Q+ Kxg8 61. Qg2 Qe1+ 62. Kh2 Bf4+ 0-1

[Event "25th Nepal Championship 2025"]
[Site "Hetauda"]
[Date "2025.01.27"]
[Round "4.5"]
[White "Bhandari, Kshitiz"]
[Black "Jaiswal, Rupesh"]
[Result "1/2-1/2"]
[Annotator "NA RC"]
[ECO "E92"]
[WhiteElo "2070"]
[BlackElo "2093"]
[PlyCount "41"]
[EventDate "2025.01.24"]
[EventType "tourn"]
[EventCountry "NEP"]
[SourceTitle "playchess.com"]
[Source "ChessBase"]
[SourceQuality "1"]
[TimeControl "5400+30"]

1. d4 Nf6 2. c4 g6 3. Nc3 Bg7 4. e4 d6 5. Be2 O-O 6. Nf3 e5 7. dxe5 dxe5 8. Qxd8 Rxd8 9. Bg5 Re8 10. Nd5 Nxd5 11. cxd5 c6 12. Bc4 cxd5 13. Bxd5 Nd7 14. Nd2 Nc5 15. Ke2 Ne6 16. Be3 Nf4+ 17. Bxf4 exf4 18. Rab1 Be6 19. Bxe6 Rxe6 20. Rhc1 Re7 21. Rc4 1/2-1/2

[Event "25th Nepal Championship 2025"]
[Site "Hetauda"]
[Date "2025.01.27"]
[Round "4.6"]
[White "Subedi, Rajan"]
[Black "Rai, Dhiren"]
[Result "1-0"]
[Annotator "NA RC"]
[ECO "A00"]
[WhiteElo "1982"]
[BlackElo "1878"]
[PlyCount "73"]
[EventDate "2025.01.24"]
[EventType "tourn"]
[EventCountry "NEP"]
[SourceTitle "playchess.com"]
[Source "ChessBase"]
[SourceQuality "1"]
[TimeControl "5400+30"]

1. b4 e6 2. Bb2 Nf6 3. a3 d5 4. e3 Be7 5. c4 dxc4 6. Bxc4 O-O 7. d4 Nbd7 8. Nf3 Nb6 9. Bd3 Bd7 10. Nc3 a5 11. b5 c5 12. dxc5 Bxc5 13. O-O Rc8 14. a4 Nbd5 15. Ne4 Be7 16. Qb3 Nb4 17. Rfd1 Nfd5 18. Bf1 f5 19. Ned2 Bf6 20. Ne5 Bxe5 21. Bxe5 Qg5 22. g3 Be8 23. Nc4 Bh5 24. Rdc1 b6 25. Nxb6 Rxc1 26. Rxc1 f4 27. exf4 Rxf4 28. Nxd5 Nxd5 29. Bxf4 Nxf4 30. Qe3 e5 31. Rc8+ Kf7 32. Bc4+ Kg6 33. Rc6+ Kf5 34. Bd3+ Kg4 35. f3+ Kh3 36. Bf1+ Ng2 37. Bxg2# 1-0

[Event "25th Nepal Championship 2025"]
[Site "Hetauda"]
[Date "2025.01.28"]
[Round "5.1"]
[White "Rai, Dhiren"]
[Black "Silwal, Purushottam"]
[Result "0-1"]
[Annotator "RC"]
[ECO "D71"]
[WhiteElo "1878"]
[BlackElo "2045"]
[PlyCount "70"]
[EventDate "2025.01.24"]
[EventType "tourn"]
[EventCountry "NEP"]
[SourceTitle "playchess.com"]
[Source "ChessBase"]
[SourceQuality "1"]
[TimeControl "5400+30"]

1. d4 Nf6 2. c4 g6 3. e3 Bg7 4. g3 O-O 5. Bg2 d5 6. cxd5 Nxd5 7. Nc3 Nxc3 8. bxc3 c5 9. Ne2 Nc6 10. O-O Re8 11. Rb1 e5 12. d5 Na5 13. e4 b6 14. Qd3 Bb7 15. Be3 Qd7 16. Rfc1 Rad8 17. c4 Ba6 18. Bd2 Qa4 19. Bxa5 bxa5 20. Rb3 Rb8 21. Bf1 Qd7 22. Rcb1 Rb4 23. Rxb4 cxb4 24. Rc1 Rc8 25. Qb3 Bf8 26. Kg2 a4 27. Qb2 Bxc4 28. Rxc4 Rxc4 29. Qxe5 Qe7 30. Qxe7 Bxe7 31. e5 b3 32. axb3 axb3 33. d6 Bd8 34. Nf4 b2 35. Bxc4 b1=Q 0-1

[Event "25th Nepal Championship 2025"]
[Site "Hetauda"]
[Date "2025.01.28"]
[Round "5.2"]
[White "Jaiswal, Rupesh"]
[Black "Subedi, Rajan"]
[Result "1-0"]
[Annotator "TA"]
[ECO "A30"]
[WhiteElo "2093"]
[BlackElo "1982"]
[PlyCount "93"]
[EventDate "2025.01.24"]
[EventType "tourn"]
[EventCountry "NEP"]
[SourceTitle "playchess.com"]
[Source "ChessBase"]
[SourceQuality "1"]
[TimeControl "5400+30"]

1. Nf3 d5 2. g3 g6 3. Bg2 Bg7 4. O-O Nf6 5. d3 O-O 6. c4 b6 7. Nc3 Bb7 8. cxd5 Nxd5 9. Bd2 c5 10. a3 Nc6 11. Rb1 (11. Rc1 $5) 11... Nd4 {[%emt 0:02:37] is the legacy move (11...Rc8). A30: Symmetrical English: Double Fianchetto and Hedgehog.} 12. Nxd4 Nxc3 13. bxc3 {[%emt 0:03:03] A sharp opening} Bxg2 {[%emt 0:00:25] The position is equal.} 14. Kxg2 cxd4 15. cxd4 Qxd4 16. Qb3 Rac8 17. Be3 $146 (17. e3) 17... Qc3 18. Qa4 Qc6+ 19. Qxc6 Rxc6 20. Rfc1 Rfc8 21. Rxc6 Rxc6 $11 {[%emt 0:00:07][%mdl 4096] Endgame KRB-KRB} 22. Rb4 Kf8 (22... Be5 $11) 23. Ra4 $1 $14 Rc7 $2 {[%emt 0:02:32] [#] This costs Black the game.} (23... a5 $14) 24. Bxb6 $1 $18 Rc2 (24... Rb7 {was worth a try.}) 25. Rxa7 {[%emt 0:00:29] White wants to mate with Ra8+.} f5 26. e3 Bc3 27. Ba5 Bxa5 28. Rxa5 {[%emt 0:00:07] KR-KR. White is two pawns up.} Kf7 29. h4 h6 {[%emt 0:00:24] [#]} 30. h5 $1 e6 (30... gxh5 31. Rxf5+) 31. hxg6+ Kxg6 32. d4 Kf6 33. Ra6 Rd2 (33... h5 $142 34. d5 Ke5 35. Rxe6+ (35. dxe6 Kf6 $18) 35... Kxd5) 34. a4 Kf7 35. a5 Kf6 36. Ra8 Ra2 37. a6 Kf7 38. a7 Kg7 {[%emt 0:00:26] Dodges Rh8} 39. Kf3 Kh7 40. Kf4 {[%emt 0:00:33] Hoping for Ke5.} Ra5 41. Re8 Rxa7 42. Rxe6 Rf7 43. f3 (43. d5 $142 Kg7 44. d6) 43... Kg7 44. d5 {[%emt 0:00:04][%cal Bd4d5,Bd5d6,Bd6d7][%mdl 32] White mates.} Rf8 45. d6 h5 46. d7 Rd8 47. Rd6 {[%emt 0:00:04] Weighted Error Value: White=0.17 (very precise) /Black=0.60  Loses game:     	---       	Black=1      Mistake:       	---       	Black=3      Inaccurate:     	White=1     	Black=1      OK:         	White=12    	Black=6      Strong:       	White=2     	---} (47. Kxf5 Rxd7 48. Rg6+ Kh7 $18) 1-0